 Dungeon Crawl Stone Soup version 0.26-a0-1181-gd376ed14c5 (webtiles) character file.

Game seed: 14734497177457061707

8439 runemasterragnar the Covert (level 11, -2/71 HPs)
             Began as a Kobold Delver on Dec 26, 2020.
             Was the Champion of Jiyva.
             Slain by a black mamba (10 damage)
             ... on level 2 of the Lair of Beasts.
             The game lasted 00:22:24 (16127 turns).

runemasterragnar the Covert (Kobold Delver)        Turns: 16127, Time: 00:22:25

Health: -2/71      AC:  9    Str: 13    XL:     11   Next: 55%
Magic:  20/20      EV: 22    Int: 10    God:    Jiyva [******]
Gold:   568        SH:  0    Dex: 20    Spells: 10/10 levels left

rFire    + . .     SeeInvis .   a - +0 rapier
rCold    + + .     Faith    .   (shield restricted)
rNeg     + . .     Spirit   .   u - +1 leather armour of Autumn {+Fly rC++ Stlth+}
rPois    .         Reflect  .   k - +1 helmet
rElec    .         Harm     .   (no cloak)
rCorr    +         Rampage  .   (no gloves)
Will     .....                  r - +2 pair of boots
Stlth    +++++++...             (no amulet)
HPRegen  0.21/turn              w - ring of False Pretenses {+Fly rN+ MP+9}
MPRegen  0.17/turn              (no ring)

@: lethally poisoned (-2 -> -14)
A: small, talons 1, clever 1, fire resistance 1, nightstalker 3
a: Renounce Religion, Evoke Flight, Request Jelly, Slimify, Cure Bad Mutation


You were on level 2 of the Lair of Beasts.
You worshipped Jiyva.
Jiyva was exalted by your worship.
You visited 3 branches of the dungeon, and saw 14 of its levels.

You collected 568 gold pieces.

Inventory:

Hand Weapons
 a - a +0 rapier (weapon)
 B - a +5 scimitar
Missiles
 m - 22 poisoned darts (quivered)
 p - 51 bolts
Armour
 b - a +0 leather armour
 k - a +1 helmet (worn)
 r - a +2 pair of boots (worn)
 u - the +1 leather armour of Autumn (worn) {+Fly rC++ Stlth+}
   (You found it on level 7 of the Dungeon)

   It greatly protects you from cold.
   It lets you fly.
   It makes you more stealthy.
 x - the +1 pair of gloves "Minn" {*Corrode +Blink Dex+4}
   (You found it on level 8 of the Dungeon)

   It affects your dexterity (+4).
   It lets you blink.
   It may corrode you when you take damage.
Jewellery
 w - the ring of False Pretenses (left hand) {+Fly rN+ MP+9}
   (You found it on level 7 of the Dungeon)

   [ring of magical power]

   It protects you from negative energy.
   It affects your magic capacity (+9).
   It lets you fly.
Wands
 g - a wand of digging (1)
 A - a wand of random effects (9)
Scrolls
 c - a scroll of fog
 e - 2 scrolls of fear
 f - a scroll of summoning {unknown}
 i - 2 scrolls of remove curse
 j - a scroll of amnesia {unknown}
 n - 3 scrolls of identify
 o - a scroll of blinking {unknown}
 s - a scroll of teleportation {unknown}
 t - a scroll of enchant armour
 v - a scroll of magic mapping
 y - a scroll of enchant weapon {unknown}
 D - a scroll of immolation {unknown}
Potions
 l - a potion of degeneration
 q - 2 potions of flight
 C - a potion of brilliance


   Skills:
 + Level 9.2 Fighting
 + Level 10.4 Short Blades
 + Level 9.6 Dodging
 + Level 12.5 Stealth
 + Level 8.9 Evocations


You had 10 spell levels left.
You didn't know any spells.
Your spell library contained the following spells:

 Spells                   Type           Power        Failure   Level
 Magic Dart               Conj           0%           43%         1
 Searing Ray              Conj           0%           58%         2
 Dazzling Flash           Conj/Hex       0%           82%         3
 Fulminant Prism          Conj/Hex       0%           99%         4
 Iskenderun's Mystic Bla  Conj/Tloc      0%           99%         4


Dungeon Overview and Level Annotations

Branches:
Dungeon (11/15)            Temple (1/1) D:4            Lair (2/6) D:11
  Swamp: Lair:2-4    Shoals: Lair:2-4     Snake: Lair:2-4    Spider: Lair:2-4
    Orc: D:9-12

Altars:
Ashenzari
Cheibriados
Dithmenos
Elyvilon
Fedhas
Gozag
Kikubaaqudgha
Makhleb
Nemelex Xobeh
Qazlal
Ru
Sif Muna
Trog
Uskayaw
Vehumet
Wu Jian
Xom
Yredelemnul
The Shining One
Jiyva

Shops:
D:4 =

Portals:
Trove: D:10 (give 11 potions of heal wounds)

Annotations:
D:4 exclusion: statue
D:8 Gastronok
D:11 3 runed translucent doors


Innate Abilities, Weirdness & Mutations

You are small and have problems with some larger weapons.
You are completely attuned to the shadows.
You have sharp toenails.
Your mind is acute. (Int +2)
Your flesh is heat resistant. (rF+)


Message History

Unknown command.
Evoke which item? (* to show all) (? for menu, Esc to quit)
Aiming: Iceblast
Press: ? - help, Shift-Dir - straight line The mass of ice explodes!
The iceblast engulfs the black mamba!!
The black mamba is severely wounded.
The now-empty wand crumbles to dust.
The black mamba completely misses you.
Unknown command.
Unknown command.
Unknown command.
Evoke which item? (* to show all) (? for menu, Esc to quit)
Aiming: Random Effects
Press: ? - help, Shift-Dir - straight line, f - black mamba
Aim: a black mamba (severely wounded)
The bolt of negative energy misses the black mamba.
The black mamba bites you.
* * * LOW HITPOINT WARNING * * *
You are lethally poisoned!
The black mamba poisons you! The black mamba bites you!
You die...

#..............#
#..............#
##.........J...##
#....##...######
##...######
#...#######
###...#.#.#.##
#P..P.........
#.......@S>...
#.............
##............
#............
##...........


You could see a black mamba.

Vanquished Creatures
  A two-headed ogre (D:10)
  Sonja (D:10)
  A black mamba (Lair:2)
  2 cane toads (Lair:1)
  A rime drake (Lair:1)
  A komodo dragon (Lair:2)
  A troll (D:10)
  A hornet (D:10)
  Sigmund (D:2)
  An orc warrior (D:9)
  11 yaks
  2 water moccasins
  3 ice beasts
  A sky beast (D:5)
  A hornet zombie (D:11)
  A black bear (D:8)
  5 centaurs
  6 wolves (Lair:1)
  An ogre (D:8)
  A lemure (D:8)
  An elf zombie (D:4)
  4 bullfrogs
  An elf skeleton (D:4)
  A water moccasin skeleton (D:6)
  A wyvern skeleton (D:8)
  15 wights
  5 killer bees
  2 howler monkeys (D:7)
  A bullfrog zombie (D:10)
  A quasit (D:10)
  An orc priest (D:10)
  A centaur skeleton (D:6)
  2 hounds
  A human zombie (D:4)
  3 orc wizards
  A human skeleton (D:4)
  3 worker ants
  5 adders
  A shadow imp (D:9)
  2 white imps
  An ufetubus (D:5)
  4 worms
  3 dart slugs
  3 leopard geckos
  14 orcs
  A ball python (D:2)
  8 bats
  6 giant cockroaches
  6 goblins
  4 hobgoblins
  6 jackals
  6 kobolds
  3 quokkas
  4 frilled lizards
  A leopard gecko skeleton (D:8)
  2 orc skeletons (D:4)
  4 rats
171 creatures vanquished.

Vanquished Creatures (collateral kills)
  An orc warrior (D:9)
  2 orc priests (D:9)
  3 orcs
6 creatures vanquished.

Vanquished Creatures (others)
  An unseen horror (D:11)
  A wizard (D:8)
  An orc warrior (D:10)
  A sky beast (D:5)
  A necrophage (D:5)
  2 ogres
  5 centaurs
  3 lemures (D:8)
  3 howler monkeys
  A scorpion (D:9)
  2 killer bees
  46 jellies
  2 wights (D:8)
  A bullfrog zombie (D:5)
  A hound (D:11)
  5 orc priests
  4 orc wizards
  2 iguanas
  Ijyb (D:3)
  2 worker ants
  A statue (D:4)
  A killer bee zombie (D:5)
  A hound zombie (D:8)
  2 worker ant zombies
  3 gnolls (D:2)
  7 adders
  A shadow imp (D:7)
  An ooze (D:8)
  An adder zombie (D:7)
  A dart slug (D:1)
  3 leopard geckos
  15 orcs
  3 bats
  6 goblins
  5 hobgoblins
  2 quokkas
  A frilled lizard (D:3)
  2 kobolds
  4 rats (D:1)
  3 butterflies
  21 fungi
  59 plants
228 creatures vanquished.

Grand Total: 405 creatures vanquished

Notes
Turn   | Place    | Note
-------+----------+-------------------------------------------
     0 | D:5      | runemasterragnar the Kobold Delver began the quest for the
                  | Orb.
     0 | D:5      | Reached XP level 1. HP: 14/14 MP: 1/1
    40 | D:5      | Noticed a necrophage
    65 | D:4      | Found a radiant altar of Vehumet.
    67 | D:4      | Noticed a frost-covered statue
   134 | D:4      | Found a staircase to the Ecumenical Temple.
   140 | Temple   | Entered the Ecumenical Temple
   153 | Temple   | Became a worshipper of Jiyva Jokhlas the Shapeless
   186 | D:4      | Found Lelukieff's Jewellery Shoppe.
   257 | D:4      | Found a sand-covered staircase.
   317 | D:3      | Noticed Ijyb
   377 | D:3      | Reached XP level 2. HP: 19/19 MP: 2/2
   654 | D:3      | Reached * piety under Jiyva
   777 | D:3      | Reached XP level 3. HP: 23/23 MP: 3/3
   908 | D:3      | Killed Ijyb
   909 | D:3      | Reached skill level 7 in Stealth
  1092 | D:3      | Reached ** piety under Jiyva
  1146 | D:3      | Reached XP level 4. HP: 29/29 MP: 4/4
  2390 | D:2      | Reached XP level 5. HP: 29/33 MP: 5/5
  2519 | D:2      | Reached *** piety under Jiyva
  2593 | D:2      | Found a shimmering blue altar of Sif Muna.
  2679 | D:2      | Noticed Sigmund
  2691 | D:2      | Killed Sigmund
  2692 | D:2      | Reached skill level 1 in Evocations
  2692 | D:2      | Reached XP level 6. HP: 39/39 MP: 6/6
  2714 | D:2      | Gained mutation: You have a small jelly attached to you
                  | that senses nearby items. [Jiyva's grace]
  3458 | D:1      | Reached **** piety under Jiyva
  4509 | D:4      | Found a burning altar of Makhleb.
  4684 | D:4      | Reached skill level 8 in Stealth
  4712 | D:4      | Reached skill level 5 in Short Blades
  4712 | D:4      | Reached XP level 7. HP: 41/44 MP: 7/7
  4866 | D:4      | Found a shadowy altar of Dithmenos.
  5131 | D:4      | Found a burning altar of Makhleb.
  5214 | D:5      | Reached skill level 5 in Fighting
  5378 | D:5      | Gained mutation: Your flesh is heat resistant. (rF+)
                  | [Jiyva's grace]
  5432 | D:5      | Reached ***** piety under Jiyva
  5471 | D:5      | Reached skill level 5 in Dodging
  5471 | D:5      | Reached XP level 8. HP: 49/49 MP: 8/8
  6556 | D:6      | Noticed a slime creature
  6556 | D:6      | an orc warrior changed into a slime creature
  6563 | D:6      | Gained mutation: Your spells are a little harder to cast,
                  | but a little more powerful. [Jiyva's grace]
  7398 | D:7      | Got a pitted leather armour
  7413 | D:7      | Identified the +1 leather armour of Autumn {+Fly rC++
                  | Stlth+} (You found it on level 7 of the Dungeon)
  7470 | D:7      | Got a flickering silver ring
  7471 | D:7      | Identified the ring of False Pretenses {+Fly rN+ MP+9} (You
                  | found it on level 7 of the Dungeon)
  7508 | D:7      | Reached skill level 9 in Stealth
  7618 | D:7      | Gained mutation: You passively map a small area around you.
                  | [Jiyva's grace]
  8634 | D:8      | Reached XP level 9. HP: 29/55 MP: 9/9
  8845 | D:8      | Killed a wizard
  9005 | D:8      | Noticed Gastronok
  9161 | D:8      | Got a pair of faintly humming gloves
  9167 | D:8      | Identified the +1 pair of gloves "Minn" {*Corrode +Blink
                  | Dex+4} (You found it on level 8 of the Dungeon)
  9217 | D:8      | Noticed Maggie
  9223 | D:8      | Slimified Maggie
  9223 | D:8      | Noticed Maggie
  9223 | D:8      | Maggie changed into Maggie the ooze
  9224 | D:8      | Lost mutation: Your spells are a little harder to cast, but
                  | a little more powerful. [Jiyva's grace]
  9259 | D:8      | Killed Maggie the ooze
  9290 | D:8      | Noticed a slime creature
  9290 | D:8      | an ogre changed into a slime creature
  9417 | D:8      | Reached skill level 5 in Evocations
  9813 | D:8      | Noticed Pikel
  9817 | D:8      | Slimified Pikel
  9817 | D:8      | Noticed Pikel
  9817 | D:8      | Pikel changed into Pikel the ooze
 10031 | D:8      | Found a shimmering altar of Xom.
 10213 | D:9      | Reached skill level 10 in Stealth
 11106 | D:9      | Gained mutation: Scrolls take you a little longer to read.
                  | [Jiyva's grace]
 11131 | D:9      | Reached XP level 10. HP: 60/63 MP: 10/10
 11670 | D:9      | Found an opulent altar of Gozag.
 11673 | D:9      | Found a faded altar of an unknown god.
 11674 | D:9      | Found a faded altar of an unknown god.
 11675 | D:9      | Found a sparkling altar of Nemelex Xobeh.
 11680 | D:9      | Found a shimmering blue altar of Sif Muna.
 11710 | D:9      | Found a broken altar of Ashenzari.
 11714 | D:9      | Found a stormy altar of Qazlal.
 11714 | D:9      | Found a sacrificial altar of Ru.
 11715 | D:9      | Found a white marble altar of Elyvilon.
 11792 | D:10     | Entered Level 10 of the Dungeon
 11848 | D:10     | Noticed Sonja
 11851 | D:10     | Killed Sonja
 11852 | D:10     | Reached skill level 11 in Stealth
 12047 | D:10     | Lost mutation: You passively map a small area around you.
                  | [Jiyva's grace]
 12139 | D:10     | Noticed a two-headed ogre
 12179 | D:10     | Killed a two-headed ogre
 13346 | D:10     | Lost mutation: You have a small jelly attached to you that
                  | senses nearby items. [Jiyva's grace]
 13399 | D:10     | Found a portal to a secret trove of treasure.
 13897 | D:11     | Gained mutation: You have sharp toenails. [Jiyva's grace]
 13918 | D:11     | Reached XP level 11. HP: 62/69 MP: 11/11
 13945 | D:11     | Reached ****** piety under Jiyva
 13961 | D:11     | Killed an unseen horror
 14009 | D:11     | Gained mutation: Your mind is acute. (Int +2) [Jiyva's
                  | grace]
 14055 | D:11     | Found a glowing golden altar of the Shining One.
 14095 | D:11     | Noticed a brown ugly thing
 14126 | D:10     | HP: 3/66 [poisoned by a green ugly thing]
 14403 | D:11     | Found a runed translucent gate.
 14404 | D:11     | Found a runed translucent gate.
 14405 | D:11     | Found a runed translucent gate.
 14441 | D:11     | Found a staircase to the Lair.
 14472 | Lair:1   | Entered Level 1 of the Lair of Beasts
 14718 | Lair:1   | Reached skill level 12 in Stealth
 14735 | Lair:1   | Reached skill level 10 in Short Blades
 15296 | Lair:1   | Noticed a six-headed hydra
 15597 | Lair:2   | Noticed an eight-headed hydra
 15626 | Lair:2   | Slimified a nine-headed hydra
 15626 | Lair:2   | Noticed an azure jelly
 15626 | Lair:2   | a nine-headed hydra changed into an azure jelly
 15644 | Lair:2   | Lost mutation: Scrolls take you a little longer to read.
                  | [Jiyva's grace]
 16127 | Lair:2   | Slain by a black mamba

Illustrated notes

Levels and vault maps discovered:
D:1:      minmay_arrival_arboretum_large, layout_loops_ring,
          kennysheep_small_spiral
D:2:      layout_loops_corners, minmay_stone_trees_medium, led_sif_pool,
          uniq_sigmund
D:3:      layout_basic, serial_park_tiny_1, lemuel_another_geyser, uniq_ijyb
D:4:      layout_basic, vehumet_statue, kennysheep_little_box,
          general_overflow_altar, minmay_temple_entry_overgrown,
          nicolae_ossuary_entry_catacombs, serial_shops,
          nicolae_shop_waterfront, makhleb_heckhound_becter
D:5:      layout_cave_pods
D:6:      layout_layer_cave
D:7:      layout_loops_ring
D:8:      cheibrodos_wizards_tower, layout_layer_cave, kennysheep_mini_moat,
          uniq_gastronok, uniq_pikel, uniq_maggie
D:9:      layout_roguey, chequers_temple_overflow_minitemple, minitemple
D:10:     layout_layer_cave, enter_trove_6, uniq_sonja
D:11:     layout_basic, lair_entry_dummy, basic_altar, gammafunk_ghost_spectres,
          uniq_erica
Temple:   pf_slimified_temple
Lair:1:   lemuel_reptile_caves, layout_gridlike, lemuel_fruit_fields
Lair:2:   layout_cave_pods, minmay_shoals_entry_centaurs,
          chequers_serial_rivers_micro_b, lemuel_fruit_fields,
          lemuel_fruit_tree, infiniplex_staircase_pool_2

Skill      XL: |  1  2  3  4  5  6  7  8  9 10 11 |
---------------+----------------------------------+-----
Short Blades   | 3 4 5 6 8 9 10 | 10.4
Dodging        | 3 4 5 6 7 8 9 |  9.6
Stealth        | 7 8 9 10 11 12 | 12.5
Fighting       | 4 5 6 7 8 9 |  9.2
Evocations     | 1 2 3 4 6 7 8 |  8.9

Action                   |  1- 3 |  4- 6 |  7- 9 | 10-12 || total
-------------------------+-------+-------+-------+-------++-------
Melee: Short sword       |    54 |   162 |   347 |       ||   563
       Unarmed           |     6 |       |       |       ||     6
       Rapier            |       |       |    85 |   124 ||   209
       Scimitar          |       |       |       |   152 ||   152
Throw: Dart              |       |    12 |       |    46 ||    58
Invok: Slimify           |       |       |     8 |     2 ||    10
Evoke: Wand              |     2 |       |    14 |    14 ||    30
  Use: Scroll            |     1 |       |     2 |       ||     3
       Potion            |       |     2 |     3 |     3 ||     8
 Stab: Sleeping          |    12 |    31 |    18 |    10 ||    71
       Distracted        |     1 |     2 |     3 |       ||     6
Armor: Leather armour    |    11 |    22 |    76 |    53 ||   162
       Skin              |       |       |     6 |       ||     6
Dodge: Dodged            |    36 |    87 |   300 |   359 ||   782
       Rpst.: Scimitar   |       |       |       |    45 ||    45

Table legend: (Time is in decaauts)
 A = Elapsed time spent in this place.
 B = Non-inter-level travel time spent in this place.
 C = Inter-level travel time spent in this place.
 D = Time resting spent in this place.
 E = Time spent auto-exploring this place.
 F = Levels seen in this place.
 G = Mean time per level.
                   A        B        C        D        E       F      G
               +--------+--------+--------+--------+--------+-----+--------+
         Total |  15990 |  15508 |    482 |   2035 |  10933 |  14 | 1142.1 |
       Dungeon |  14300 |  13818 |    482 |   1628 |   9984 |  11 | 1300.0 |
        Temple |     28 |     28 |      0 |      0 |      0 |   1 |   28.0 |
          Lair |   1661 |   1661 |      0 |    407 |    948 |   2 |  830.5 |
               +--------+--------+--------+--------+--------+-----+--------+

Top non-repeatable levels by time:
    D:10: 2260 daAuts
     D:3: 1930 daAuts
     D:8: 1831 daAuts
     D:9: 1531 daAuts
     D:2: 1298 daAuts
     D:6: 1193 daAuts
     D:4: 1053 daAuts
     D:5: 1023 daAuts
  Lair:1: 992 daAuts
     D:7: 973 daAuts
     D:1: 794 daAuts
  Lair:2: 668 daAuts
    D:11: 410 daAuts
  Temple: 28 daAuts
